 Dungeon Crawl Stone Soup version 0.18-a0-1311-g779ca93 (webtiles) character file.

484684 Ratboiler the Devastator (level 23, -14/153 HPs)
             Began as a Deep Elf Wanderer on Feb 13, 2016.
             Was the Champion of Vehumet.
             Demolished by a vampire knight
             ... wielding a +0 dire flail
              (25 damage)
             ... on level 4 of the Depths on Feb 14, 2016.
             The game lasted 06:13:29 (88711 turns).

Ratboiler the Devastator (Deep Elf Wanderer)       Turns: 88711, Time: 06:13:29

Health: -14/153    AC: 22    Str: 12    XL:     23   Next: 48%
Magic:  11/46      EV: 28    Int: 41    God:    Vehumet [******]
Gold:   441        SH: 10    Dex: 20    Spells: 16 memorised, 3 levels left

rFire  + . .     SeeInvis .     a - +9 falchion of Rupt {slice, rC- MR+ Int+3 Dex+2}
rCold  . . .     Gourm    .     T - +3 leather armour {rF+}
rNeg   . . .     Faith    .     S - +1 buckler "Kyxtitam" {MR++ rCorr Int+8 Dex-4}
rPois  .         Spirit   .     U - +2 helmet
rElec  .         Dismiss  .     D - +2 cloak
rCorr  +         Reflect  .     e - +2 pair of gloves {Str+3}
SustAt .         Harm     .     w - +0 pair of boots of Polytheism {Dex+2 Slay+3 Stlth+} (curse)
MR     +++++     Clarity  +     W - amulet of magic regeneration
Stlth  +++.......               B - ring of protection from cold
                                d - ring "Qymegepy" {Wiz Int+4 Dex+2}

@: deflect missiles, almost entirely resistant to hostile enchantments, fairly
stealthy
A: large bone plates 2, agile 1, clarity
a: Renounce Religion
}: 3/15 runes: serpentine, barnacled, abyssal


You were on level 4 of the Depths.
You worshipped Vehumet.
Vehumet was exalted by your worship.
You were not hungry.

You visited 7 branches of the dungeon, and saw 42 of its levels.
You visited the Abyss 1 time.
You also visited: Bailey and Wizlab.

You collected 4377 gold pieces.
You spent 3936 gold pieces at shops.

Inventory:

Hand Weapons
 a - the +9 falchion of Rupt (weapon) {slice, rC- MR+ Int+3 Dex+2}
   (You found it on level 8 of the Lair of Beasts)

   It inflicts extra damage upon your enemies.
   It affects your intelligence (+3).
   It affects your dexterity (+2).
   It makes you vulnerable to cold.
   It affects your resistance to hostile enchantments.
 n - the +7 trident "Axtovaut" {freeze, rElec}
   (You found it on level 2 of the Depths)

   It has been specially enchanted to freeze those struck by it, causing extra
   injury to most foes and up to half again as much damage against particularly
   susceptible opponents.
   It can also slow down cold-blooded creatures.
   It insulates you from electricity.
Armour
 e - a +2 pair of gloves of strength (worn)
 w - the cursed +0 pair of boots of Polytheism (worn) {Dex+2 Slay+3 Stlth+}
   (You bought it in a shop on level 4 of the Vaults)

   It affects your dexterity (+2).
   It affects your accuracy and damage with ranged weapons and melee attacks
   (+3).
   It makes you more stealthy.
   It has a curse placed upon it.
 D - a +2 cloak (worn)
 S - the +1 buckler "Kyxtitam" (worn) {MR++ rCorr Int+8 Dex-4}
   (You found it on level 8 of the Lair of Beasts)

   It affects your intelligence (+8).
   It affects your dexterity (-4).
   It affects your resistance to hostile enchantments.
   It protects you from acid and corrosion.
 T - a +3 leather armour of fire resistance (worn)
 U - a +2 helmet (worn)
Magical Staves
 b - an uncursed staff of conjuration
Jewellery
 d - the ring "Qymegepy" (left hand) {Wiz Int+4 Dex+2}
   (You bought it in a shop on level 4 of the Shoals)

   [ring of wizardry]

   It improves your spell success rate.
   It affects your intelligence (+4).
   It affects your dexterity (+2).
 g - an uncursed ring of protection from fire
 B - a ring of protection from cold (right hand)
 N - an uncursed ring of sustain attributes
 Q - an uncursed ring of poison resistance
 W - an amulet of magic regeneration (around neck)
Wands
 c - a wand of heal wounds (2/9)
 h - a wand of heal wounds (1/9)
 z - a wand of digging (14/24)
 L - a wand of teleportation (0/9)
Scrolls
 i - 9 scrolls of fog
 k - 5 scrolls of magic mapping
 p - a scroll of teleportation
 q - a scroll of summoning
 r - 2 scrolls of fear
 s - 20 scrolls of remove curse
 t - 2 scrolls of blinking
 C - 2 scrolls of enchant armour
 H - 2 scrolls of brand weapon
 J - a scroll of identify
 Y - 4 scrolls of enchant weapon
Potions
 f - 3 potions of might
 l - a potion of resistance
 m - 4 potions of agility
 u - 3 potions of heal wounds
 x - a potion of haste
 y - 10 potions of curing
 E - 2 potions of invisibility
 K - 4 potions of berserk rage
 R - 2 potions of cancellation
 V - 5 potions of cure mutation
 X - 6 potions of brilliance
 Z - 9 potions of flight
Books
 j - a Necronomicon

   Spells                             Type                      Level
   a - Haunt                          Necromancy/Summoning         7
   b - Borgnjor's Revivification      Necromancy                   8
   c - Death's Door                   Charms/Necromancy            8
   d - Necromutation                  Transmutation/Necromancy     8
Miscellaneous
 v - a lantern of shadows
 F - a lantern of shadows
 I - 2 phantom mirrors
 M - a lamp of fire
 O - a fan of gales
 P - a fan of gales
Comestibles
 o - 2 meat rations
 A - 4 bread rations
 G - 12 royal jellies


   Skills:
 + Level 18.7 Fighting
 - Level 14.0 Long Blades
 - Level 10.1 Armour
 + Level 18.3 Dodging
 - Level 1.2 Stealth
 - Level 4.0 Shields
 - Level 17.0 Spellcasting
 + Level 19.5 Conjurations
 - Level 1.3 Hexes
 - Level 9.0 Charms
 - Level 1.0 Summonings
 - Level 1.2 Necromancy
   Level 3.2 Transmutations
 - Level 1.0 Fire Magic
 - Level 5.0 Ice Magic
 - Level 5.0 Air Magic
 - Level 5.0 Poison Magic
 - Level 12.0 Evocations


You had 3 spell levels left.
You knew the following spells:

 Your Spells              Type           Power        Failure   Level  Hunger
a - Magic Dart            Conj           ####         0%          1    None
b - Call Imp              Summ           #####...     1%          2    None
c - Blink                 Tloc           N/A          1%          2    None
d - Repel Missiles        Chrm/Air       ######       1%          2    None
e - Mephitic Cloud        Conj/Pois/Air  #######.     1%          3    None
f - Conjure Flame         Conj/Fire      #######.     1%          3    None
g - Throw Frost           Conj/Ice       ######       0%          2    None
h - Freezing Cloud        Conj/Ice/Air   #######...   1%          6    None
i - Inner Flame           Hex/Fire       #####...     1%          3    None
j - Swiftness             Chrm/Air       #######.     1%          2    None
k - Cure Poison           Pois           ######....   1%          2    None
l - Silence               Hex/Air        ######....   4%          5    None
m - Haste                 Chrm           #######.     1%          6    None
n - Orb of Destruction    Conj           ########..   1%          7    #......
o - Deflect Missiles      Chrm/Air       #######...   4%          6    None
p - Animate Skeleton      Necr           N/A          1%          1    None


Dungeon Overview and Level Annotations

Branches:
Dungeon (15/15)            Temple (0/1) D:4            Lair (8/8) D:11
 Shoals (4/4) Lair:6        Snake (4/4) Lair:3        Slime (0/6) Lair:8
    Orc (2/2) D:10            Elf (0/3) Orc:2        Vaults (5/5) D:13
  Crypt (0/3) Vaults:3     Depths (4/5) D:15

Altars:
Ashenzari
Cheibriados
Dithmenos
Fedhas
Gozag
Kikubaaqudgha
Nemelex Xobeh
Okawaru
Ru
Trog
Vehumet
Xom
Yredelemnul
The Shining One
Beogh
Jiyva

Shops:
D:8 ?   D:15 :   Orc:2 *:}(   Shoals:4 =   Vaults:2 [(:*   Vaults:4 %[::
Depths:1 [*   Depths:2 !   Depths:4 }

Portals:
Hell: Depths:1 Depths:2 Depths:4
Abyss: Depths:4
Pandemonium: Depths:1 Depths:2 Depths:3
Ziggurat: Depths:3
Trove: Depths:3 (show slimy rune of Zot)

Annotations:
D:14 exclusion: downstairs
Depths:3 3 runed doors


Innate Abilities, Weirdness & Mutations

You are mostly covered in large bone plates (AC +3, SH +3).
You are agile. (Dex +2)
You possess an exceptional clarity of mind.


Message History

Unholy energy fills the air.
You closely miss something. You slash something! You block something's attack.
Something bites you.
Something draws strength from your injuries!
You hit something but do no damage. Something hits you! Something misses you.
Casting: Orb of Destruction
Confirm with . or Enter, or press ? or * to list all spells.
Aiming: Orb of Destruction
Press: ? - help, Shift-Dir - straight line The wavering orb of destruction weakly hits something.
Something hits you!!
* * * LOW HITPOINT WARNING * * *
Something misses you.
You start resting.
Something hits you!!
* * * LOW HITPOINT WARNING * * *
Something bites you.
* * * LOW HITPOINT WARNING * * *
Something draws strength from your injuries!
Something hits you!!
You die...

*,,,*######..##.....##
,,,,....#............##
,,,.........##........#
,,,....##...#........##
,,,..................#
,,...................#
,,.............#####.#*
,,..........####...#..#
,,.............#@#,**###
............##.#.#,,<#.#
....##.......#...#####.####
....##......^#####.##.....##
...(..............(........##
............................#
*#...##.§.####....^........##
,##.§.§§##...##.....§§...>..###
,,##§§§##.....####.≈§..§......###


There were no monsters in sight!

Vanquished Creatures
  An ancient lich (WizLab)
  Saint Roka (Vaults:4)
  A golden dragon (Depths:2)
  Xtahua (Vaults:4)
  A lich (Abyss:4)
  2 tentacled monstrosities
  An ancient champion (WizLab)
  3 titans
  3 sphinxes
  3 tentacled starspawn (Abyss:4)
  A shadow dragon (Depths:2)
  Kirke (Lair:5)
  A storm dragon (Vaults:4)
  Ilsuiw (Shoals:4)
  6 greater nagas (Snake:4)
  11 fire giants
  Wiglaf (Vaults:1)
  3 tengu reavers
  An orc warlord (Vaults:4)
  12 vault wardens
  An iron dragon (Vaults:4)
  6 frost giants
  Aizul (Depths:2)
  A deep elf elementalist (Depths:2)
  A balrug (Depths:2)
  A juggernaut zombie (Depths:3)
  11 ironheart preservers
  18 stone giants
  6 very ugly things
  6 vampire knights
  A war gargoyle (Vaults:3)
  2 lorocyprocas
  A dire elephant (shapeshifter) (D:15)
  6 spark wasps (Depths:2)
  6 merfolk javelineers
  9 fire dragons
  10 ettins
  A deep elf death mage (Vaults:4)
  Josephine (D:14)
  11 yaktaur captains
  5 great orbs of eyes
  28 vault guards
  3 jiangshi
  10 merfolk impalers
  10 ice dragons
  5 merfolk avatars
  23 naga warriors
  3 entropy weavers
  15 centaur warriors
  8 hydras
  3 rakshasas
  2 death knights
  3 catoblepae
  2 ghost crabs (shapeshifter)
  4 spriggan air magi
  10 anacondas
  11 merfolk aquamancers
  Erolcha (D:8)
  A monstrous demonspawn (Depths:1)
  5 death yaks
  20 ogre magi
  An alligator snapping turtle (Shoals:3)
  3 satyrs
  4 vampire magi
  4 deep troll shamans
  The ghost of BenSoosneb the Jinx, a journeyman SpEn of Kikubaaqudgha (Lair:3)
  6 deep troll earth magi
  4 tengu warriors (Depths:2)
  A hell hog (shapeshifter) (Depths:1)
  8 orc high priests (Orc:2)
  Urug (Lair:4)
  2 large abominations
  12 naga sharpshooters
  2 sun demons
  6 shock serpents
  4 fire crabs
  A shock serpent (shapeshifter) (D:15)
  2 hell knights (Depths:2)
  2 deep elf knights
  2 soul eaters
  3 shadow wraiths
  A storm dragon zombie (Vaults:3)
  8 salamander mystics
  A death drake (shapeshifter) (Vaults:5)
  16 skeletal warriors
  3 wretched stars (Abyss:4)
  14 sea snakes
  2 gelid demonspawn
  A kraken simulacrum (Shoals:4)
  An unseen horror (shapeshifter) (Vaults:2)
  3 unseen horrors
  2 spark wasp zombies
  9 deep trolls
  14 naga ritualists
  A flayed ghost (Vaults:3)
  2 deep elf archers (Vaults:4)
  6 hill giants
  3 phantasmal warriors
  4 wizards
  A shadow demon (Depths:1)
  A sphinx zombie (Depths:3)
  7 giant orange brains
  18 harpies
  19 orc knights
  A giant orange brain (shapeshifter) (Vaults:1)
  2 golden dragon skeletons (Depths:1)
  13 mana vipers
  A harpy (shapeshifter) (Vaults:2)
  An orb spider (shapeshifter) (Depths:1)
  6 necromancers
  7 deep elf magi
  13 ironbrand convokers
  9 cyclopes
  2 mana vipers (shapeshifter) (Vaults:4)
  A frost giant zombie (Vaults:1)
  14 griffons
  3 manticores
  68 ugly things
  3 wolf spiders
  4 orc sorcerers
  2 hornets
  8 fauns
  15 salamanders
  2 sixfirhies
  5 water nymphs
  25 elephants
  An octopode (shapeshifter) (D:14)
  A frost giant skeleton (Depths:3)
  37 black mambas
  22 naga magi
  14 vault sentinels
  Joseph (D:10)
  A torpor snail (Lair:8)
  14 sirens
  4 guardian serpents
  2 gargoyles
  2 rust devils
  3 centaur skeletons
  A spriggan zombie (Depths:1)
  9 kobold demonologists
  36 yaktaurs
  25 spiny frogs
  A golden dragon simulacrum (Depths:2)
  A human zombie (Vaults:3)
  9 komodo dragons
  10 freezing wraiths
  3 tengu conjurers
  6 fire drakes
  2 jumping spiders (Depths:1)
  2 hellwings
  A human skeleton (Vaults:1)
  8 trolls
  6 polar bears
  2 giant leeches (Lair:8)
  An ancient zyme (Abyss:4)
  A red devil (Depths:2)
  2 queen bees
  3 wind drakes
  A queen bee (shapeshifter) (Depths:4)
  26 merfolk
  Prince Ribbit (D:7)
  32 blink frogs
  8 snapping turtles
  A snapping turtle (shapeshifter) (Depths:1)
  34 two-headed ogres
  4 boulder beetles
  A harpy skeleton (D:15)
  21 slime creatures
  A hornet zombie (Vaults:1)
  2 raiju (Abyss:4)
  A human simulacrum (Vaults:2)
  5 air elementals
  2 redbacks
  5 vampires
  2 shadows
  A redback (shapeshifter) (Depths:2)
  A tarantella (Depths:1)
  9 wraiths
  2 ettin skeletons
  A wyvern (shapeshifter) (Depths:2)
  15 hippogriffs
  A yak (shapeshifter) (D:14)
  A ynoxinul (Abyss:4)
  2 hill giant zombies (WizLab)
  2 humans (shapeshifter)
  A spriggan (shapeshifter) (Vaults:2)
  3 wyverns
  15 water elementals
  37 yaks
  2 fire bats (Abyss:4)
  5 hogs
  3 basilisks
  4 hungry ghosts
  2 neqoxecs
  2 steam dragons
  A steam dragon (shapeshifter) (Depths:1)
  Edmund (D:5)
  36 vampire mosquitoes
  2 mottled dragons
  A spriggan simulacrum (Depths:3)
  11 wargs
  50 nagas
  12 wolves
  12 water moccasins
  10 porcupines
  4 small abominations
  3 swamp drakes
  A deep troll simulacrum (Depths:1)
  3 ice beasts
  2 sky beasts
  3 eyes of draining
  37 orc warriors
  5 phantoms
  A wasp (D:14)
  8 boggarts
  5 necrophages
  70 ogres
  23 centaurs
  23 crocodiles
  8 gnoll sergeants (Bailey)
  6 big kobolds
  38 giant frogs
  A wyvern zombie (D:8)
  8 scorpions
  58 killer bees
  2 wyvern skeletons (D:13)
  5 troll zombies (WizLab)
  An elf simulacrum (Vaults:3)
  An orc simulacrum (Vaults:2)
  10 wights
  5 electric eels
  4 centaur zombies
  8 crimson imps
  A starcursed mass (Abyss:4)
  40 orc priests
  4 giant frog skeletons
  14 hounds
  5 jellies
  2 quasits
  Crazy Yiuf (D:6)
  4 giant frog zombies
  6 gnoll shamans (Bailey)
  9 iguanas
  2 iron imps (Depths:2)
  24 orc wizards
  9 worker ants
  43 sheep
  6 ogre zombies (WizLab)
  3 hound skeletons
  19 gnolls
  86 river rats
  8 adders
  6 shadow imps
  2 white imps (Depths:2)
  2 ufetubi
  An ooze (D:3)
  An adder skeleton (D:7)
  A worm (D:3)
  6 giant geckos
  121 orcs
  15 bats
  7 giant cockroaches
  11 goblins
  5 hobgoblins
  8 jackals
  7 quokkas
  2 ball pythons
  A giant gecko skeleton (D:6)
  A giant gecko zombie (D:7)
  6 giant newts
  10 kobolds
  A quokka skeleton (D:8)
  A quokka zombie (D:7)
  7 rats
  A fungus (Lair:7)
  10 plants
2223 creatures vanquished.

Vanquished Creatures (collateral kills)
  A fire crab (Vaults:2)
  A spiny frog (Lair:8)
  A snapping turtle (Shoals:4)
  A raiju (Abyss:4)
  A necrophage (Lair:2)
  A phantom (D:6)
  A giant frog (D:10)
  A killer bee (D:10)
  6 crimson imps
  A quasit (D:6)
  A centaur zombie (D:5)
  2 hounds
  Jessica (D:3)
  An orc wizard (D:7)
  A hound skeleton (D:5)
  2 gnolls (D:3)
  2 adders
  2 worms
  2 giant geckos
  6 orcs
  A giant cockroach (D:2)
  2 gnoll zombies (D:2)
  3 hobgoblins
  A jackal (D:8)
  3 kobolds
  4 bats
  A giant newt (D:3)
50 creatures vanquished.

Vanquished Creatures (others)
  A tengu reaver (Depths:2)
  A spark wasp (Depths:2)
  An ogre (Depths:1)
  A sheep (Lair:4)
  A butterfly (Lair:5)
  49 fungi
  32 plants
  8 starspawn tentacles (Abyss:4)
  2 starspawn tentacle segments (Abyss:4)
  8 tentacles (Shoals:4)
  270 tentacle segments (Shoals:4)
374 creatures vanquished.

Grand Total: 2647 creatures vanquished

Notes
Turn   | Place    | Note
--------------------------------------------------------------
     0 | D:1      | Ratboiler the Deep Elf Wanderer began the quest for the Orb.
     0 | D:1      | Ratboiler set off with: a book of Minor Magic, a potion of curing, the Compendium of Moulding, a +0 robe, a +0 dagger, a bread ration
     0 | D:1      | Reached XP level 1. HP: 10/10 MP: 7/7
     0 | D:1      | Identified the Compendium of Moulding
     2 | D:1      | Learned a level 1 spell: Magic Dart
   177 | D:1      | Reached skill level 1 in Conjurations
   259 | D:1      | Reached XP level 2. HP: 11/16 MP: 2/9
   347 | D:1      | Learned a level 2 spell: Call Imp
   350 | D:1      | Learned a level 2 spell: Blink
   353 | D:1      | Learned a level 2 spell: Repel Missiles
  1429 | D:1      | Reached skill level 1 in Fighting
  1952 | D:2      | Reached XP level 3. HP: 20/20 MP: 6/10
  1990 | D:2      | Learned a level 3 spell: Mephitic Cloud
  2033 | D:2      | Reached skill level 1 in Summonings
  2289 | D:2      | Found a basalt altar of Yredelemnul.
  2398 | D:2      | Found a radiant altar of Vehumet.
  2407 | D:2      | Became a worshipper of Vehumet
  3641 | D:3      | Found a sparkling altar of Nemelex Xobeh.
  3693 | D:3      | Noticed a phantom
  3694 | D:3      | Reached skill level 1 in Air Magic
  3708 | D:3      | Reached XP level 4. HP: 25/25 MP: 9/12
  3908 | D:3      | Reached * piety under Vehumet
  3908 | D:3      | Offered knowledge of Sting by Vehumet.
  4142 | D:2      | Reached skill level 1 in Poison Magic
  4761 | D:3      | Found a shimmering altar of Xom.
  4762 | D:3      | Noticed Jessica
  4773 | D:3      | Killed Jessica
  4776 | D:3      | Found a shattered altar of Ashenzari.
  4928 | D:3      | Reached XP level 5. HP: 28/30 MP: 6/13
  5247 | D:3      | Killed a phantom
  5631 | D:3      | Reached XP level 6. HP: 36/36 MP: 15/15
  6033 | D:4      | Learned a level 3 spell: Conjure Flame
  6358 | D:4      | Reached skill level 5 in Spellcasting
  7400 | D:4      | Found a staircase to the Ecumenical Temple.
  7407 | D:4      | Got a scorched scale mail
  7419 | D:4      | Identified the cursed +1 scale mail of Rafeweme {rF+ rN+} (You found it on level 4 of the Dungeon)
  7713 | D:4      | Found an ancient bone altar of Kikubaaqudgha.
  7765 | D:4      | Offered knowledge of Throw Frost by Vehumet.
  7769 | D:4      | Learned a level 2 spell: Throw Frost
  7840 | D:4      | Reached skill level 1 in Fire Magic
  8246 | D:5      | Entered Level 5 of the Dungeon
  8335 | D:5      | Noticed Edmund
  8343 | D:5      | Killed Edmund
  8343 | D:5      | Reached ** piety under Vehumet
  8343 | D:5      | Reached skill level 1 in Dodging
  8343 | D:5      | Reached XP level 7. HP: 24/41 MP: 3/16
  9112 | D:5      | Reached skill level 5 in Conjurations
 10420 | D:6      | Gained mutation: You possess an exceptional clarity of mind. [potion of mutation]
 10420 | D:6      | Gained mutation: You are partially covered in large bone plates (AC +2, SH +2). [potion of mutation]
 10420 | D:6      | Gained mutation: You are mostly covered in large bone plates (AC +3, SH +3). [potion of mutation]
 10439 | D:6      | Noticed Crazy Yiuf
 10449 | D:6      | Killed Crazy Yiuf
 10595 | D:6      | Reached XP level 8. HP: 45/48 MP: 6/17
 10894 | D:6      | Reached skill level 5 in Dodging
 11069 | D:6      | Found a shadowy altar of Dithmenos.
 11076 | D:6      | Found a snail-covered altar of Cheibriados.
 11081 | D:6      | Reached skill level 5 in Fighting
 11348 | D:6      | Got a fine long sword
 11349 | D:6      | Identified the cursed +3 long sword "Gram" {slice, MR+ Dex+2 Stlth+} (You found it on level 6 of the Dungeon)
 11763 | D:7      | Noticed Prince Ribbit
 11922 | D:7      | Found a bloodstained altar of Trog.
 12085 | D:7      | Killed Prince Ribbit
 12085 | D:7      | Reached skill level 6 in Dodging
 12189 | D:7      | Found a sacrificial altar of Ru.
 12247 | D:7      | Offered knowledge of Throw Flame by Vehumet.
 12254 | D:7      | Learned a level 2 spell: Throw Flame
 12296 | D:7      | Reached XP level 9. HP: 54/54 MP: 15/21
 12490 | D:7      | Found a blossoming altar of Fedhas.
 12778 | D:7      | Reached *** piety under Vehumet
 12868 | D:7      | Reached skill level 7 in Spellcasting
 13099 | D:7      | Noticed a troll
 13119 | D:7      | Killed a troll
 13401 | D:7      | Reached skill level 8 in Spellcasting
 13626 | D:8      | Offered knowledge of Inner Flame by Vehumet.
 13639 | D:8      | Learned a level 3 spell: Inner Flame
 13854 | D:8      | Learned a level 2 spell: Swiftness
 13898 | D:8      | Reached skill level 9 in Spellcasting
 14099 | D:8      | Found an iron altar of Okawaru.
 14235 | D:8      | Reached skill level 1 in Armour
 14475 | D:8      | Reached **** piety under Vehumet
 14516 | D:8      | Found Dousiruh's Magic Scroll Boutique.
 14597 | D:8      | Bought 2 scrolls of identify for 56 gold pieces
 14597 | D:8      | Bought a scroll of identify for 28 gold pieces
 14597 | D:8      | Bought a scroll of identify for 28 gold pieces
 14597 | D:8      | Bought a scroll of teleportation for 42 gold pieces
 14597 | D:8      | Bought a scroll of identify for 28 gold pieces
 14597 | D:8      | Bought a scroll of random uselessness for 14 gold pieces
 14597 | D:8      | Bought a scroll of magic mapping for 49 gold pieces
 14597 | D:8      | Bought a scroll of teleportation for 42 gold pieces
 14750 | D:8      | Learned a level 2 spell: Cure Poison
 15112 | D:8      | Noticed Erolcha
 15155 | D:8      | Killed Erolcha
 15155 | D:8      | Reached XP level 10. HP: 63/63 MP: 17/25
 15637 | D:9      | Offered knowledge of Irradiate by Vehumet.
 15645 | D:9      | Learned a level 5 spell: Venom Bolt
 16113 | D:9      | Found a glowing golden altar of the Shining One.
 16454 | D:9      | Noticed a cyclops
 16499 | D:10     | Entered Level 10 of the Dungeon
 16636 | D:9      | Killed a cyclops
 16665 | D:9      | Reached skill level 5 in Poison Magic
 16871 | D:10     | Noticed a centaur warrior
 16879 | D:10     | Killed a centaur warrior
 16953 | D:10     | Reached XP level 11. HP: 34/69 MP: 4/26
 17571 | D:10     | Noticed an orc knight
 17586 | D:10     | Killed an orc knight
 17869 | D:10     | Reached skill level 5 in Armour
 18283 | D:10     | Noticed Joseph
 18298 | D:10     | Killed Joseph
 18331 | D:10     | Reached ***** piety under Vehumet
 18376 | D:10     | Noticed an unseen horror
 18388 | D:10     | Killed an unseen horror
 18388 | D:10     | Reached skill level 10 in Spellcasting
 18465 | D:10     | Offered knowledge of Force Lance by Vehumet.
 18606 | D:11     | Reached skill level 1 in Long Blades
 18775 | D:11     | Found a staircase to the Lair.
 18870 | D:11     | Noticed a white ugly thing
 18925 | Lair:1   | Entered Level 1 of the Lair of Beasts
 20619 | Lair:2   | Learned a level 4 spell: Force Lance
 20696 | Lair:2   | Reached skill level 11 in Spellcasting
 20793 | Lair:2   | Noticed a five-headed hydra
 20808 | Lair:2   | Killed a five-headed hydra
 21182 | Lair:2   | Reached skill level 5 in Long Blades
 21269 | Lair:2   | Reached XP level 12. HP: 45/74 MP: 3/29
 21801 | Lair:3   | Reached skill level 12 in Spellcasting
 21871 | Lair:3   | Offered knowledge of Throw Icicle by Vehumet.
 21990 | Lair:3   | Learned a level 4 spell: Throw Icicle
 21997 | Lair:3   | Found a staircase to the Snake Pit.
 22070 | Lair:3   | Noticed BenSoosneb's ghost (journeyman SpEn)
 22277 | Lair:3   | Killed BenSoosneb's ghost
 22571 | Lair:3   | Identified a scroll of acquirement
 22773 | Lair:3   | Reached skill level 13 in Spellcasting
 23245 | Lair:3   | Noticed a four-headed hydra
 23252 | Lair:3   | Killed a four-headed hydra
 24555 | Lair:4   | Noticed Urug
 24568 | Lair:4   | Reached skill level 14 in Spellcasting
 24646 | Lair:4   | Killed Urug
 25451 | Lair:4   | Noticed a seven-headed hydra
 25460 | Lair:4   | Killed a seven-headed hydra
 25665 | Lair:4   | Reached XP level 13. HP: 60/80 MP: 30/33
 26515 | Lair:5   | Noticed Kirke
 26541 | Lair:5   | Reached skill level 15 in Spellcasting
 26872 | Lair:5   | Killed Kirke
 28324 | Lair:5   | Reached skill level 10 in Long Blades
 30461 | Lair:6   | Found a staircase to the Shoals.
 30666 | Lair:7   | Offered knowledge of Orb of Destruction by Vehumet.
 30679 | Lair:7   | Learned a level 7 spell: Orb of Destruction
 30780 | Lair:7   | Reached skill level 10 in Conjurations
 31400 | Lair:7   | Reached XP level 14. HP: 51/84 MP: 6/35
 32325 | Lair:8   | Entered Level 8 of the Lair of Beasts
 33626 | Lair:8   | Got an encrusted buckler
 33632 | Lair:8   | Identified the +1 buckler "Kyxtitam" {MR++ rCorr Int+8 Dex-4} (You found it on level 8 of the Lair of Beasts)
 33879 | Lair:8   | Offered knowledge of Bolt of Magma by Vehumet.
 35178 | Lair:7   | Reached skill level 16 in Spellcasting
 35964 | Lair:8   | Found a viscous altar of Jiyva.
 35964 | Lair:8   | Found a staircase to the Slime Pits.
 36237 | Lair:8   | Got a faintly glowing falchion
 36250 | Lair:8   | Identified the +9 falchion of Rupt {slice, rC- MR+ Int+3 Dex+2} (You found it on level 8 of the Lair of Beasts)
 36551 | Lair:8   | Reached skill level 17 in Spellcasting
 36558 | Lair:8   | Learned a level 5 spell: Bolt of Magma
 37034 | D:11     | Reached ****** piety under Vehumet
 37596 | D:12     | Offered knowledge of Iron Shot by Vehumet.
 37754 | D:12     | Reached XP level 15. HP: 91/91 MP: 20/38
 38632 | D:10     | Found a staircase to the Orcish Mines.
 38687 | Orc:1    | Entered Level 1 of the Orcish Mines
 39044 | Orc:2    | Entered Level 2 of the Orcish Mines
 39079 | Orc:2    | Found a staircase to the Elven Halls.
 39807 | Orc:2    | Offered knowledge of Poisonous Cloud by Vehumet.
 39869 | Orc:2    | Found Keuwuh's General Store.
 39869 | Orc:2    | Found Seigi's Book Shop.
 39873 | Orc:2    | Bought a cursed -3 ring of intelligence for 28 gold pieces
 39890 | Orc:2    | Reached skill level 10 in Fighting
 39967 | Orc:2    | Found a roughly hewn altar of Beogh.
 39984 | Orc:2    | Found Ycoogarr's Gadget Emporium.
 39984 | Orc:2    | Found Aqis's Weapon Shop.
 40075 | Orc:2    | Bought a wand of heal wounds (5/9) for 648 gold pieces
 40979 | D:13     | Found a gate to the Vaults.
 41194 | D:13     | Found a flagged portal.
 41205 | Bailey   | Entered a bailey
 41303 | Bailey   | Offered knowledge of Spellforged Servitor by Vehumet.
 43024 | D:14     | Found an opulent altar of Gozag.
 43164 | D:14     | Noticed Josephine
 43182 | D:14     | Killed Josephine
 44381 | D:15     | Entered Level 15 of the Dungeon
 44630 | Shoals:1 | Entered Level 1 of the Shoals
 44633 | Shoals:1 | Reached XP level 16. HP: 101/101 MP: 22/39
 47408 | Shoals:1 | Offered knowledge of Fire Storm by Vehumet.
 47408 | Shoals:1 | Offered knowledge of Shatter by Vehumet.
 47408 | Shoals:1 | Offered knowledge of Chain Lightning by Vehumet.
 49065 | Shoals:4 | Entered Level 4 of the Shoals
 50092 | Shoals:4 | Reached XP level 17. HP: 110/110 MP: 8/40
 50665 | Shoals:4 | Noticed Ilsuiw
 50781 | Shoals:4 | Killed Ilsuiw
 51404 | Shoals:4 | Noticed a kraken
 51742 | Shoals:4 | Found Xif Tupa's Jewellery Emporium.
 51750 | Shoals:4 | Bought the ring "Qymegepy" {Wiz Int+4 Dex+2} for 843 gold pieces
 52124 | Shoals:4 | Identified the Almanac of Enhancements (You found it on level 4 of the Shoals)
 52206 | Shoals:4 | Got a barnacled rune of Zot
 52460 | Snake:1  | Entered Level 1 of the Snake Pit
 54221 | Snake:2  | Got a bloodstained large shield
 54232 | Snake:2  | Identified the -11 large shield of Xust {*Confuse rElec MP+9 Int+4} (You acquired it on level 2 of the Snake Pit)
 54690 | Snake:3  | Reached skill level 15 in Conjurations
 55899 | Snake:2  | Reached skill level 10 in Dodging
 56052 | Snake:3  | Reached skill level 15 in Fighting
 56331 | Snake:3  | Reached XP level 18. HP: 119/119 MP: 35/41
 57416 | Snake:4  | Entered Level 4 of the Snake Pit
 60922 | Snake:4  | Got a serpentine rune of Zot
 62081 | D:15     | Found Naoxoc's Book Shop.
 62217 | D:15     | Reached XP level 19. HP: 125/125 MP: 38/42
 63279 | D:15     | Found a staircase to the Depths.
 63327 | Depths:1 | Entered Level 1 of the Depths
 63735 | Vaults:1 | Entered Level 1 of the Vaults
 66213 | Vaults:1 | Noticed Wiglaf
 66217 | Vaults:1 | Killed Wiglaf
 66751 | Vaults:2 | Found Vicw's Weapon Boutique.
 67256 | Vaults:2 | Found Weoni's Armour Boutique.
 67262 | Vaults:2 | Bought a +0 pair of gloves of strength for 218 gold pieces
 68396 | Vaults:2 | HP: 3/127 [vault warden/halberd (29)]
 68397 | Vaults:2 | Found Qenniho's Book Emporium.
 68917 | Vaults:2 | Reached skill level 18 in Conjurations
 68981 | Vaults:2 | Bought the Catalogue of Air for 1224 gold pieces
 68988 | Vaults:2 | Learned a level 6 spell: Freezing Cloud
 69231 | Vaults:2 | Found Hicerio's General Store.
 69309 | Vaults:2 | Bought a potion of curing for 30 gold pieces
 69309 | Vaults:2 | Bought a scroll of fear for 35 gold pieces
 69633 | Vaults:3 | Reached XP level 20. HP: 84/133 MP: 17/43
 69912 | Vaults:3 | Reached skill level 15 in Dodging
 69943 | Vaults:3 | Reached skill level 1 in Ice Magic
 70208 | Vaults:3 | Found a staircase to the Crypt.
 71826 | Vaults:3 | Reached skill level 5 in Air Magic
 72142 | Vaults:3 | Reached skill level 5 in Ice Magic
 72328 | Vaults:3 | Reached skill level 1 in Evocations
 72600 | Vaults:4 | Noticed Xtahua
 72632 | Vaults:4 | Killed Xtahua
 72912 | Vaults:4 | Got a brightly glowing cloak
 72923 | Vaults:4 | Identified the -2 cloak of Inviolability {rF+ Str+3} (You acquired it on level 4 of the Vaults)
 73230 | Vaults:4 | Reached skill level 5 in Evocations
 74369 | Vaults:4 | Noticed Saint Roka
 74566 | Vaults:4 | Killed Saint Roka
 74843 | Vaults:4 | Reached skill level 10 in Evocations
 75203 | Vaults:4 | Reached XP level 21. HP: 138/138 MP: 33/44
 75864 | Vaults:4 | Found Syrhea's Food Emporium.
 76606 | Vaults:4 | Found Natupp's Antique Armour Emporium.
 76611 | Vaults:4 | Bought a pair of fine boots for 323 gold pieces
 76621 | Vaults:4 | Identified the cursed +0 pair of boots of Polytheism {Dex+2 Slay+3 Stlth+} (You bought it in a shop on level 4 of the Vaults)
 76643 | Vaults:4 | Found Diedulea's Book Shoppe.
 76678 | Vaults:4 | Found Amuisuho's Book Boutique.
 76910 | Vaults:5 | Entered Level 5 of the Vaults
 77978 | Vaults:5 | Cast into level 3 of the Abyss (vault warden)
 77982 | Abyss:3  | Got a slimy hand crossbow
 78010 | Abyss:3  | Found a corrupted altar of Lugonu.
 78735 | Abyss:4  | Paralysed by accursed screaming for 1 turns
 79146 | Abyss:4  | Got an abyssal rune of Zot
 79250 | Abyss:4  | Gained mutation: You are agile. (Dex +2) [potion of beneficial mutation]
 79303 | Vaults:5 | Escaped the Abyss
 79727 | Lair:1   | Learned a level 6 spell: Haste
 79729 | Lair:1   | Learned a level 1 spell: Animate Skeleton
 79954 | Depths:1 | Reached skill level 1 in Charms
 80021 | Depths:1 | Reached skill level 5 in Charms
 80119 | Depths:1 | Found Fow Rong's Antique Armour Shop.
 80209 | Depths:1 | Reached XP level 22. HP: 145/145 MP: 40/45
 81273 | Depths:1 | Found a gateway to Hell.
 81372 | Depths:1 | Found Dim Jost's Demolitions Depot.
 81503 | Depths:1 | Found a one-way gate leading to the halls of Pandemonium.
 82080 | Depths:1 | Identified the +9 hand crossbow "Wosety" {velocity, Str+5} (You found it on level 3 of the Abyss)
 82608 | Depths:2 | Noticed Aizul
 82617 | Depths:2 | Killed Aizul
 83344 | Lair:1   | Learned a level 6 spell: Deflect Missiles
 83353 | Lair:1   | Learned a level 5 spell: Silence
 83925 | Depths:2 | Noticed a golden dragon
 84246 | Depths:2 | Killed a golden dragon
 84246 | Depths:2 | Reached skill level 10 in Armour
 85392 | Depths:2 | Identified the Catalogue of Weightlessness (You found it on level 2 of the Depths)
 85702 | Depths:2 | Got a shimmering scale mail
 85713 | Depths:2 | Identified the +4 scale mail "Xusa" {rPois Int+2} (You found it on level 2 of the Depths)
 85730 | Depths:2 | Got a jewelled trident
 85731 | Depths:2 | Identified the +7 trident "Axtovaut" {freeze, rElec} (You found it on level 2 of the Depths)
 85834 | Depths:2 | Reached XP level 23. HP: 149/152 MP: 19/46
 86184 | Depths:2 | Found Jodaango's Distillery.
 86192 | Depths:2 | Bought a potion of heal wounds for 100 gold pieces
 86192 | Depths:2 | Bought a potion of haste for 200 gold pieces
 86435 | Depths:2 | Reached skill level 19 in Conjurations
 86840 | Depths:3 | Found a large runed door.
 86840 | Depths:3 | Found a large runed door.
 86943 | Depths:3 | Found a gateway to a ziggurat.
 87097 | Depths:3 | Found a runed door.
 87498 | Depths:3 | Found a portal to a secret trove of treasure.
 87791 | Depths:4 | Found a magical portal.
 87801 | WizLab   | Entered Zonguldrok's Shrine
 88224 | WizLab   | Noticed an antique lich
 88238 | WizLab   | Killed an antique lich
 88553 | Depths:4 | Found a one-way gate to the infinite horrors of the Abyss.
 88556 | Depths:4 | Found Buniug's Gadget Shop.
 88711 | Depths:4 | Demolished by a vampire knight

Vault maps used:
D:1:      evilmike_arrival_fibonacci_small, serial_forest,
          infiniplex_forest_end_3, infiniplex_forest_clump_diagonal,
          infiniplex_forest_lined_corner, infiniplex_forest_fountain,
          infiniplex_forest_clump_curved, infiniplex_forest_clump_curved,
          serial_bayou_pond_c, hangedman_decor_slide_cut,
          minmay_shallow_snake_nest
D:2:      lemuel_zombie_altar_yredelemnul, lemuel_coloured_pillars_altar
D:3:      nicolae_ashenzari_panopticon, nicolae_overflow_hidden_temple,
          led_xom_imps, uniq_jessica
D:4:      kiku_gazebo_pond_becter, minmay_temple_entry_purple_smoke,
          first_bread, kennysheep_generic_room_16
D:5:      due_unseen_surprise, uniq_edmund
D:6:      gammafunk_temple_overflow_pools, st_stairs_10, uniq_crazy_yiuf_cottage
D:7:      old_standard_altar, lightli_temple_of_fire, fedhas_altar_1,
          uniq_prince_ribbit1
D:8:      lemuel_ice_spiral_2, basic_altar, serial_shops, shop, uniq_erolcha
D:9:      kennysheep_mini
D:10:     erik_orc_1, small_chamber_with_monster, uniq_joseph
D:11:     lair_0_dummy, grunt_ogre_cave
D:13:     hangedman_vaults_entry_quadrant_bands, enter_bailey_3
D:14:     minmay_box_of_statues, minivault_23, grunt_gozag_breadcrumbs,
          uniq_josephine
D:15:     gammafunk_enter_depths_forms, serial_shops, shop_fountains,
          water_boxes_lemuel
Lair:1:   nicolae_quartered_pool_medium
Lair:2:   roderic_carrion_pond, grunt_megastairs_1
Lair:3:   minmay_snake_entry_guardpost_small, lemuel_fruit_fields
Lair:4:   guppyfry_lair_drakes, grunt_megastairs_2, uniq_urug
Lair:5:   serial_bayou_pond_e, minivault_27, beast_lair_carwin_7,
          grunt_megastairs_3, serial_bayou_shore_a, lemuel_fruit_fields,
          lemuel_fruit_fields, uniq_kirke
Lair:6:   minmay_shoals_entry_hut, grunt_megastairs_4
Lair:7:   lemuel_fruit_fields
Lair:8:   minmay_lair_end_frog_pond, dpeg_slime_entry_enclosed_altar,
          serial_bayou_shore_b
Shoals:2: st_sunken_huts
Shoals:3: nicolae_shoals_aquamancer_cove
Shoals:4: shoals_end_grunt_ice, shoal_ilsuiw, serial_shops, shop,
          nicolae_shoals_circle_sea_wall
Snake:3:  st_stairs_3, serial_bayou_shore_b, lemuel_fruit_tree
Snake:4:  johnstein_snake_rune_scales
Orc:1:    uniq_erica, uniq_fannar
Orc:2:    st_orc_town
Vaults:1: hangedman_vaults_slither, nicolae_vaults_little_ls, v_alt_pattern_1,
          vaults_room_grid, grunt_vaults_focal, nicolae_vaults_little_squares_4,
          nicolae_vaults_mini_display_case, vaults_room_pool, uniq_wiglaf
Vaults:2: vaults_room_door_ring, dpeg_vaults_monster_row, hangedman_vaults_hat,
          st_lattice, ontoclasm_vaults_tryst, vaults_room_fours,
          v_alt_pattern_3, vaults_dpeg_encased_lava,
          vaults_standard_mumra_enter_the_diamond, v_rooms_1, v_alt_pattern_5,
          nicolae_vaults_diagonal_hallway_7, nicolae_vaults_circle_grid_b,
          serial_shops, shop, shop, nicolae_shop_statue_plus, shop
Vaults:3: hangedman_vaults_stretched_pinwheel, nicolae_vaults_ninety_degrees,
          nicolae_vaults_minivaults, nicolae_vaults_gold_heap,
          nicolae_vaults_angled_halls, v_alt_pattern_2, ontoclasm_vaults_twist,
          minmay_crypt_entry_simple_round
Vaults:4: v_pattern_3, vaults_standard_mumra_x, vaults_room_fancy_cross,
          v_misc_32, nicolae_vaults_circle_grid_a, grunt_vaults_twisty,
          vaults_room_hangedman_quadrants, vaults_dpeg_spiral,
          vaults_mumra_minichess, v_misc_10, serial_shops, shop, shop,
          nicolae_shop_crystal, shop, nicolae_shop_statue_plus, uniq_saint_roka,
          uniq_xtahua
Depths:1: serial_shops, nicolae_shop_overgrown_old_shop, rand_demon_pan_entry_7,
          grunt_hell_entry_dis_grunt, abandoned_shop, grunt_ministairs_15,
          nicolae_blasting_shop
Depths:2: kennysheep_large_vault, serial_shops, nicolae_shop_waterfront,
          hell_entry, grunt_pan_entry_spiral, hangedman_decor_diamond_cutter,
          uniq_aizul
Depths:3: lightli_eight_chambers, enter_ziggurat_f, hellmouth_1,
          rand_demon_pan_entry_8, serial_bayou_pond_d,
          nicolae_trove_entry_diagonal, grunt_ministairs_6, corner_web_ring,
          minmay_st_funbox, spider_trap, grunt_decor_mini_mirrors
Depths:4: kennysheep_six_static_rooms, kennysheep_nub, mu_enter_wizlab_4,
          hangedman_coc_ice_floe, serial_shops, shop, abyss_entry,
          infiniplex_staircase_squiggle
Abyss:4:  evilmike_abyss_rune_seething_chaos, evilmike_abyss_exit_7
Bailey:   bailey_polearm_gnolls_kennysheep, bailey
WizLab:   wizlab_zonguldrok

Action                   |  1- 3 |  4- 6 |  7- 9 | 10-12 | 13-15 | 16-18 | 19-21 | 22-24 || total
-------------------------+-------+-------+-------+-------+-------+-------+-------+-------++-------
Melee: Dagger            |   125 |   170 |    10 |       |       |       |       |       ||   305
       Mace              |       |       |    89 |       |       |       |       |       ||    89
       Long sword        |       |       |   149 |   535 |   386 |       |       |       ||  1070
       Falchion          |       |       |       |       |   485 |   181 |   473 |   307 ||  1446
       Staff             |       |       |       |       |       |       |       |     1 ||     1
 Fire: Shortbow          |       |       |     6 |       |       |       |       |       ||     6
Throw: Stone             |       |     1 |     1 |    18 |       |       |       |       ||    20
 Cast: Magic Dart        |    65 |    38 |    97 |   121 |    11 |     2 |       |       ||   334
       Call Imp          |    21 |    50 |    49 |    52 |     2 |       |       |     1 ||   175
       Mephitic Cloud    |       |    15 |    51 |    53 |    19 |     2 |     1 |       ||   141
       Blink             |       |     1 |       |     3 |     1 |     2 |     3 |       ||    10
       Conjure Flame     |       |     7 |    33 |    77 |    35 |     6 |     8 |       ||   166
       Inner Flame       |       |       |     4 |    49 |    40 |    24 |    20 |       ||   137
       Repel Missiles    |       |       |     1 |     1 |       |     9 |     4 |       ||    15
       Venom Bolt        |       |       |       |   138 |   440 |   152 |       |       ||   730
       Throw Flame       |       |       |       |     1 |       |       |       |       ||     1
       Force Lance       |       |       |       |    30 |    74 |     4 |    17 |       ||   125
       Throw Frost       |       |       |       |     1 |     4 |       |       |       ||     5
       Swiftness         |       |       |       |     1 |     1 |     1 |     1 |       ||     4
       Throw Icicle      |       |       |       |    37 |    77 |     2 |       |       ||   116
       Bolt of Magma     |       |       |       |       |    72 |    68 |     7 |       ||   147
       Orb of Destructio |       |       |       |       |     8 |   496 |   576 |   336 ||  1416
       Freezing Cloud    |       |       |       |       |       |       |   128 |    50 ||   178
       Haste             |       |       |       |       |       |       |       |     2 ||     2
       Deflect Missiles  |       |       |       |       |       |       |       |     2 ||     2
Evoke: Wand              |       |       |       |       |     2 |    10 |    20 |     2 ||    34
       Fan of gales      |       |       |       |       |     1 |     1 |     4 |       ||     6
       Lamp of fire      |       |       |       |       |       |       |     2 |       ||     2
  Use: Scroll            |       |     4 |    12 |    12 |    15 |    17 |    21 |     8 ||    89
       Potion            |       |       |     2 |     1 |     7 |     7 |    11 |     2 ||    30
 Stab: Distracted        |     1 |     2 |     3 |       |     2 |       |     1 |     2 ||    11
       Confused          |       |     1 |     6 |     6 |     3 |     1 |     4 |       ||    21
       Invisible         |       |     1 |       |       |       |       |       |       ||     1
       Paralysed         |       |     1 |       |       |       |       |       |       ||     1
       Sleeping          |       |       |     2 |     3 |     1 |       |       |       ||     6
  Eat: Chunk             |     3 |     5 |     5 |    11 |     6 |    12 |    18 |       ||    60
       Pizza             |     1 |       |       |     1 |     2 |     2 |     1 |     1 ||     8
       Bread ration      |     1 |       |       |     4 |     1 |     5 |     7 |     1 ||    19
       Meat ration       |       |     2 |     4 |     1 |     5 |     6 |     3 |     5 ||    26
       Fruit             |       |     1 |     3 |    12 |    31 |    11 |       |       ||    58
       Royal jelly       |       |       |       |     1 |       |     1 |       |       ||     2
       Beef jerky        |       |       |       |       |     4 |    10 |       |       ||    14
